 Dungeon Crawl Stone Soup version 0.30.1 (webtiles) character file.

Game seed: 9153602131428807474

42 spardeous the Digger (level 3, -6/14 HPs)
             Began as a Felid Earth Elementalist on July 14, 2023.
             Killed by divine providence
             ... invoked by an orc priest
              (13 damage)
             ... on level 4 of the Dungeon.
             The game lasted 00:02:23 (880 turns).

spardeous the Digger (Felid Earth Elementalist)      Turns: 880, Time: 00:02:24

Health: -6/14      AC:  1    Str:  4    XL:     3   Next: 35%
Magic:  5/7        EV: 17    Int: 24    God:
Gold:   35         SH:  0    Dex: 16    Spells: 5/6 levels left
                                        Lives:  0   Deaths: 0

rFire   . . .        (weapon unavailable)
rCold   . . .        (shield unavailable)
rNeg    . . .        (body armour unavailable)
rPois   .            (helmet unavailable)
rElec   .            (cloak unavailable)
rCorr   .            (gloves unavailable)
SInv    +            (boots unavailable)
Will    .....        (no amulet)
Stlth   ++           h - +6 ring of intelligence
HPRegen 0.22/turn    (no ring)
MPRegen 0.10/turn

%: no passive effects
@: quick
A: very small, claws 1, fangs 3, see invisible, speed 1, shaggy fur 1, stealthy
paws, no weapons or thrown items, no armour, multi-lived
a: no special abilities


You were on level 4 of the Dungeon.
You visited 1 branch of the dungeon, and saw 4 of its levels.

You collected 35 gold pieces.

Inventory:

Jewellery
 h - a +6 ring of intelligence (left paw)
Scrolls
 b - a scroll of magic mapping {unknown}
 c - a scroll of teleportation
 e - a scroll of identify {unknown}
Potions
 a - a potion of magic
 d - a potion of curing {unknown}
 f - a potion of resistance {unknown}
 g - a potion of degeneration {unknown}


   Skills:
 - Level 2.6 Dodging
 - Level 2.6 Stealth
 - Level 2.0 Spellcasting
 - Level 1.1 Transmutations
 + Level 4.1 Earth Magic


You had 5 spell levels left.
You knew the following spells:

 Your Spells              Type           Power      Damage    Failure   Level
a - Sandblast             Erth           44%        2d11      2%          1

Your spell library contained the following spells:

 Spells                   Type           Power      Damage    Failure   Level
 Passwall                 Tmut/Erth      11%        N/A       6%          2
 Stone Arrow              Conj/Erth      24%        3d8       16%         3
 Petrify                  Tmut/Erth      14%        N/A       38%         4


Dungeon Overview and Level Annotations

Branches:
Dungeon (4/15)
 Temple: D:4-7

Altars:

Annotations:
D:4 Edmund, Robin


Innate Abilities, Weirdness & Mutations

You have sharp claws.
You have razor-sharp teeth.
You have supernaturally acute eyesight. (SInv)
You cover ground quickly. (Speed+)
You are covered in fur. (AC +1)
Your paws help you pounce on unaware monsters.
You are incapable of wielding weapons or throwing items.
You cannot wear armour.
You gain extra lives every three experience levels.


Message History

Confirm with . or Enter, or press ? or * to list all spells.
Aiming: Sandblast (safe; 2% risk of failure)
Press: ? - help, Shift-Dir - straight line, p - Edmund
Okay, then.
The endoplasm barely misses you.
Edmund says, "I might not be good at magic, but I can still kill you!"
Edmund misses you.
Robin shouts!
You hear a shout! x3
Robin roars a battlecry!
Edmund gestures with his flail.
Robin says, "A pitiful Cat like you will never find the ORB!"
Robin hits you with a +0 dagger.
A goblin comes into view. It is wielding a +0 dagger.
The goblin shouts! x2; You hear a shout!
There is an open door here.
Robin roars a battlecry!
The goblins go into a battle-frenzy!
A goblin comes into view. It is wielding a +0 club.
The hobgoblin hits you. The hobgoblin completely misses you.
The goblin closely misses you. Robin throws the goblin at you!
The goblin hits you but does no damage.
A bullfrog comes into view.
An orc priest comes into view. It is wielding a +0 club.
Robin throws the goblin at you! The goblin closely misses you.
The goblin hits you with a +0 club.
The orc priest moves out of view.
The orc priest shouts!
The bullfrog croaks.
You hear a shout! x2
An orc comes into view. It is wielding a +0 dagger.
The goblin unwields a +0 club.
The goblin wields a +0 sling.
The goblin shoots a sling bullet.
The sling bullet completely misses you.
The sling bullet closely misses the bullfrog.
An orc comes into view. It is wielding a +0 short sword.
A ball python comes into view.
The ball python moves out of view.
Found a stone staircase leading up.
The orc misses you.
The orc priest mumbles some strange prayers to Beogh against you.
Beogh smites you!
Ouch! That really hurt!
You die...

##..........#.. #...##'
....#########..+###########...#.g
....# ...................#..
....# ..........g........'g.
....+ <.......gggg.......#..
..g.# ........oo.g..@....#..
....#+### ..###..###.F#######@.
........###'#####o.###..###..#..J
........#.......@...F........#...
.......g'.........)..........#...
........#....................#...
.$......#...............>....#...
........######################...
######### ####


You could see a bullfrog, an orc priest, 2 orcs and 4 goblins.

Vanquished Creatures
  An adder (D:2)
  2 dart slugs
  3 endoplasms
  A giant cockroach (D:2)
  4 hobgoblins
  4 jackals (D:1)
  A quokka (D:1)
  3 ball pythons
  A bat (D:1)
  A frilled lizard (D:3)
  5 goblins
26 creatures vanquished.

Notes
Turn   | Place    | Note
-------+----------+-------------------------------------------
     0 | D:1      | spardeous the Felid Earth Elementalist began the quest for
                  | the Orb.
     0 | D:1      | Reached XP level 1. HP: 7/7 MP: 4/4
   110 | D:1      | Reached skill level 3 in Earth Magic
   185 | D:1      | Reached XP level 2. HP: 11/11 MP: 4/6
   541 | D:3      | Reached XP level 3. HP: 10/14 MP: 4/7
   655 | D:3      | Reached skill level 4 in Earth Magic
   690 | D:4      | Noticed Robin
   740 | D:4      | Noticed Edmund
   871 | D:4      | Noticed a bullfrog
   880 | D:4      | Killed from afar by an orc priest

Illustrated notes

Levels and vault maps discovered:
D:1:      dpeg_arrival_concentric_ovals, layout_basic
D:2:      layout_loops_corners, serial_bayou, serial_bayou_lagoon_a,
          serial_bayou_pond_d, serial_bayou_crossing, serial_bayou_pond_b
D:3:      layout_loops_ring
D:4:      layout_gridville, mainiacjoe_overflow_divided_tiny, uniq_robin,
          uniq_edmund

Skill      XL: |  1  2  3 |
---------------+----------+-----
Earth Magic    | 3 4 |  4.1
Dodging        | |  2.6
Stealth        | |  2.6
Spellcasting   | |  2.0
Transmutations | |  1.1

Action                     || total
---------------------------++-------
  Melee: Unarmed           ||     4
   Cast: Sandblast         ||    35
    Use: Scroll            ||     1
 Armour: Skin              ||     2
  Dodge: Dodged            ||    20
